[Event "*** Titled Tuesday Blitz"]
[Site "Chess.com"]
[Date "2020.05.05"]
[Round "1"]
[White "Trankuilizer"]
[Black "Grineva_Marianna"]
[Result "1-0"]
[WhiteElo "2518"]
[BlackElo "2141"]
[TimeControl "180+1"]
[EndTime "10:07:46 PDT"]
[Termination "Trankuilizer won by resignation"]

1. e4 d6 2. d4 Nf6 3. Nc3 g6 4. Nf3 Bg7 5. Be2 O-O 6. O-O Bg4 7. h3 Bxf3 8. Bxf3 Nc6 9. d5 Ne5 10. Be2 a6 11. Be3 b5 12. f4 Nc4 13. Bxc4 bxc4 14.
Bd4 Rb8 15. Rb1 e6 16. Qe2 exd5 17. exd5 Nh5 18. Qxc4 Re8 19. Bxg7 Nxg7 20. b3 Re3 21. Rfe1 Rg3 22. Ne4 Qh4 23. Nxg3 Qxg3 24. Qe4 Nh5 25. Qf3 Qxf4 26. Qxf4 Nxf4 27. Rbd1 Kf8 28. c4 g5 29. Kf2 a5 30. Kf3 h6 31.
h4 a4 32. hxg5 hxg5 33. Re3 axb3 34. axb3 Ra8 35. g3 Ng6 36. Kg4 f6 37. Kf5 Kf7 38.
Rh1 Kg7 39. b4 Ne5 40. c5 Ra4 41. Rb3 Ra2 42. cxd6 cxd6 43. Ke6 Re2 44. Kxd6 Kg6 45. b5 Rd2 46. b6 Nc4+ 47. Kc5 Na5 48. Rb5 Nb7+ 49. Kc6 Nd8+ 50. Kc7 Nf7 51. b7 Rc2+ 52. Kb6 Ne5 53. b8=Q Nd7+ 54. Kb7 Nxb8 55. Kxb8 Rd2 56. Kc7 Rd3 57. d6 Rxg3 58. d7 Rc3+ 59. Kd6 Rd3+ 60. Rd5 1-0

[Event "*** Titled Tuesday Blitz"]
[Site "Chess.com"]
[Date "2020.05.05"]
[Round "1"]
[White "johnathan113"]
[Black "alexsergeyev"]
[Result "1-0"]
[WhiteElo "2734"]
[BlackElo "2382"]
[TimeControl "180+1"]
[EndTime "10:07:47 PDT"]
[Termination "johnathan113 won on time"]

1. d4 d5 2. Nc3 Bf5 3. Bf4 e6 4.
f3 Bb4 5. g4 Bg6 6. e3 Nf6 7.
h4 h5 8. g5 Nfd7 9. Bd3 Nf8 10.
Ne2 c5 11. a3 Bxc3+ 12. Nxc3 c4 13. Be2 a6 14. e4 Nc6 15. Qd2 b5 16. O-O-O b4 17. axb4 Nxb4 18. Qe3 Qa5 19. Kd2 dxe4 20. fxe4 Rd8 21. Ra1 Qb6 22. d5 Qxe3+ 23. Bxe3 exd5 24. exd5 Nxc2 25. Rxa6 Nxe3 26. Kxe3 Nd7 27. Kd4 O-O 28. Bxc4 Rfe8 29. b4 Ne5 30. Be2 Ng4 31. b5 Ne3 32. Bf3 Nc2+ 33. Kc4 Re3 34. Bd1 Bd3+ 35. Kc5 Bf5 36. Na4 Re5 37. Bf3 Ne3 38. Rd6 Rc8+ 39. Rc6 Rd8 40. Nc3 1-0

[Event "*** Titled Tuesday Blitz"]
[Site "Chess.com"]
[Date "2020.05.05"]
[Round "1"]
[White "MaxVavulin"]
[Black "korkmaz16"]
[Result "1-0"]
[WhiteElo "2611"]
[BlackElo "2291"]
[TimeControl "180+1"]
[EndTime "10:07:47 PDT"]
[Termination "MaxVavulin won by resignation"]

1. e4 e6 2. d4 d5 3. Bd3 dxe4 4. Bxe4 Nf6 5. Bf3 c5 6. Ne2 Nc6 7. Be3 cxd4 8. Nxd4 Ne5 9. Nc3 Be7 10. Qe2 O-O 11. O-O-O Nxf3 12. Qxf3 Qa5 13. g4 Bb4 14. g5 Nd5 15.
Nb3 Qa6 16. Nxd5 exd5 17. Kb1 Be6 18. Bd4 Rac8 19. Rhg1 b6 20. h4 Qc4 21. c3 Bd6 22.
h5 a5 23. h6 a4 24. hxg7 Rfe8 25. Nd2 Qb5 26. Rh1 a3 27. b3 Qd7 28. Rde1 Bf5+ 29. Ka1 Bg6 30. Qxd5 Qc7 31. Nc4 Bc5 32. Bxc5 Qxc5 33.
Qxc5 bxc5 34. Nxa3 Rxe1+ 35. Rxe1 Kxg7 36. Kb2 Rd8 37. Nc4 Rd3 38. a4 Rf3 39. Re2 Rf5 40. a5 Rd5 41. a6 Rd8 42. a7 Ra8 43. Re7 Be4 44. Rc7 Rxa7 45. Rxa7 1-0

[Event "*** Titled Tuesday Blitz"]
[Site "Chess.com"]
[Date "2020.05.05"]
[Round "1"]
[White "Ranindu2003"]
[Black "PauloCesarCosta_sad"]
[Result "0-1"]
[WhiteElo "2509"]
[BlackElo "2180"]
[TimeControl "180+1"]
[EndTime "10:07:47 PDT"]
[Termination "PauloCesarCosta_sad won by resignation"]

1. e4 e6 2. d4 d5 3. Nd2 Nf6 4.
e5 Nfd7 5. Bd3 c5 6. c3 Nc6 7. Ngf3 Qb6 8. O-O cxd4 9. cxd4 Nxd4 10. Nxd4 Qxd4 11. Nf3 Qb6 12. Qa4 Qb4 13. Qc2 Qc5 14. Qe2 Qb6 15. Be3 Bc5 16. Rac1 Bxe3 17. fxe3 O-O 18.
Kh1 f5 19. exf6 Nxf6 20. Ng5 Bd7 21. Rxf6 Rxf6 22. Bxh7+ Kf8 23. Bd3 Ke7 24. e4 Rf2 25.
Qh5 Qe3 26. Rd1 Qxd3 27. h3 Rf1+ 28. Rxf1 Qxf1+ 29. Kh2 Qf4+ 30. Kh1 Rf8 31. Qg6 Qf6 32. Qh5 dxe4 33. Nxe4 Qf1+ 34. Kh2 Qf4+ 35. Ng3 Rf5 36. Qe2 Rg5 37. Qd3 Qxg3+ 38. Qxg3 Rxg3 39. Kxg3 Kf6 40. Kf2 Kf5 41. Kf3 Bc6+ 42. Kg3 g5 43. Kf2 Kf4 44. g3+ Ke4 45. Ke2 a6 46. a3 Bd5 47.
b4 e5 48. a4 b6 49. Kf2 Kd3 50. Ke1 Kc4 51. h4 gxh4 52. gxh4 Kxb4 53. h5 Bg8 54. h6 Bh7 55. Ke2 Kxa4 56. Ke3 b5 0-1

[Event "*** Titled Tuesday Blitz"]
[Site "Chess.com"]
[Date "2020.05.05"]
[Round "1"]
[White "seastar"]
[Black "Gmedmundo"]
[Result "1/2-1/2"]
[WhiteElo "2216"]
[BlackElo "2493"]
[TimeControl "180+1"]
[EndTime "10:07:47 PDT"]
[Termination "Game drawn - insufficient material"]

1. d4 Nf6 2. c4 e6 3. Nc3 Bb4 4. e3 O-O 5. Bd3 c5 6. Ne2 cxd4 7. exd4 d5 8. O-O dxc4 9. Bxc4 Nc6 10. d5 Na5 11. Bb3 Nxb3 12. Qxb3 Bxc3 13. Nxc3 Nxd5 14. Rd1 Re8 15. Be3 Qf6 16. Nxd5 exd5 17. Qxd5 Qxb2 18. Bd4 Qc2 19. Rac1 Qg6 20. Rc7 Bh3 21. Qxb7 Rad8 22. Rcc1 Re4 23. g3 h6 24. Be3 Rxd1+ 25. Rxd1 Qf5 26.
Bf4 Rxf4 27. Qb8+ Kh7 28. Qxf4 Qc2 29. Ra1 Qc6 30. f3 Qc2 31. Qe4+ Qxe4 32. fxe4 Be6 33. Re1 Bxa2 34. Ra1 Be6 35. Rxa7 Kg6 36. Kf2 Kg5 37. Ke3 Kg4 38. Rb7 Kh3 39. Rb2 g5 40. Rf2 h5 41. Kf3 f5 42. exf5 Bxf5 43. Ke3 Bg4 44.
Ke4 h4 45. gxh4 gxh4 46. Kf4 Bc8 47. Rd2 Bb7 48. Kg5 Bg2 49. Rxg2 Kxg2 50. Kxh4 Kxh2 1/2-1/2

[Event "*** Titled Tuesday Blitz"]
[Site "Chess.com"]
[Date "2020.05.05"]
[Round "1"]
[White "ozates"]
[Black "PavlovDanila"]
[Result "0-1"]
[WhiteElo "2370"]
[BlackElo "2718"]
[TimeControl "180+1"]
[EndTime "10:07:48 PDT"]
[Termination "PavlovDanila won by resignation"]

1. e4 e6 2. d4 d5 3. Nd2 Nf6 4. e5 Nfd7 5. Bd3 c5 6. c3 Nc6 7. Ne2 cxd4 8. cxd4 f6 9. exf6 Nxf6 10. Nf3 Bd6 11. Bg5 Qc7 12. O-O O-O 13. Bh4 Nh5 14. Qc2 h6 15. Bh7+ Kh8 16. Bg6 Rxf3 17. Bxh5 Rf5 18. Bg4 Rf8 19. Bg3 e5 20. Bxc8 Raxc8 21. dxe5 Bxe5 22. Rac1 Qd7 23. Qd2 Rcd8 24. Rfd1 Qf5 25.
Rf1 d4 26. Bxe5 Qxe5 27. Ng3 Qf4 28. Rfd1 Qxd2 29. Rxd2 Rf7 30. Rcd1 Kg8 31. Ne2 Rfd7 32. Kf1 Kf7 33. Nf4 Re7 34. Nd3 Ke6 35. b4 a6 36. a4 Kd5 37. b5 axb5 38. axb5 Na7 39.
Nf4+ Kc5 40. Rc1+ Kb6 41. Rb1 Re5 42. Rb4 Nxb5 43. Nd3 Red5 44. Rdb2 Rc8 45. Nf4 Rf5 46.
Rxd4 Rc1+ 47. Ke2 Rc2+ 48. Rd2 Rxb2 49. Rxb2 Rxf4 50. Ke3 Rc4 51. Rd2 Rc7 52. h4 Ka5 53. Ra2+ Kb4 54. Rb2+ Ka4 55. g4 Na3 56. g5 Nc4+ 57.
Kf4 Nxb2 0-1

[Event "*** Titled Tuesday Blitz"]
[Site "Chess.com"]
[Date "2020.05.05"]
[Round "1"]
[White "pirulillo"]
[Black "fancyknightmaneuvers"]
[Result "0-1"]
[WhiteElo "2219"]
[BlackElo "2564"]
[TimeControl "180+1"]
[EndTime "10:07:48 PDT"]
[Termination "fancyknightmaneuvers won by resignation"]

1. e4 c5 2. Nf3 e6 3. d3 Nc6 4. g3 d5 5. Nbd2 Nf6 6. Bg2 Be7 7. O-O O-O 8. e5 Nd7 9. Re1 Qc7 10. Qe2 f6 11.
exf6 Nxf6 12. c3 Bd6 13. Nf1 b6 14. d4 Re8 15. Bg5 Ne4 16. Be3 a5 17. N1d2 Ba6 18. Qd1 Nf6 19. Bg5 Rad8 20. Nb3 cxd4 21. Nbxd4 Ne4 22.
Be3 Bc5 23. Nd2 Nf6 24. Nxc6 Qxc6 25. Nb3 Bxe3 26. Rxe3 e5 27. Rc1 a4 28. Nd2 Bb7 29. Nf1 b5 30. Rd3 Qc5 31. Ne3 Bc6 32. b4 axb3 33.
axb3 Qd6 34. c4 bxc4 35. bxc4 d4 36. Bxc6 Qxc6 37. Ng4 Nxg4 38. Qxg4 e4 39. Rdd1 d3 40. Rd2 Qc5 41. Re1 Qxc4 42. Qf4 Qd4 43. Qe3 Qd7 44.
Kg2 Re7 45. Red1 Rf8 46. Re1 Qf5 47. Rxd3 exd3 48. Qxe7 Qxf2+ 49. Kh3 d2 50. Rd1 Qf5+ 51. Kg2 Qf3+ 52. Kh3 Qxd1 0-1

[Event "*** Titled Tuesday Blitz"]
[Site "Chess.com"]
[Date "2020.05.05"]
[Round "1"]
[White "GM_LOADING"]
[Black "MarcoCorvi"]
[Result "0-1"]
[WhiteElo "2547"]
[BlackElo "2234"]
[TimeControl "180+1"]
[EndTime "10:07:48 PDT"]
[Termination "MarcoCorvi won by resignation"]

1. e4 c5 2. Nf3 g6 3. d4 cxd4 4.
Nxd4 Nc6 5. c4 Nf6 6. Nc3 Nxd4 7.
Qxd4 d6 8. Be2 Bg7 9. Be3 O-O 10. Qd2 a5 11. Rd1 Be6 12. f3 a4 13. O-O Qa5 14. Nb5 Qxd2 15. Rxd2 Rfc8 16. Rc1 Nd7 17. Rdc2 Nc5 18.
Bd4 Bxd4+ 19. Nxd4 f6 20. Kf2 Kf7 21. Ke3 h6 22. f4 g5 23. g3 Bd7 24. Bh5+ Kg7 25.
Bf3 e5 26. Ne2 Bc6 27. Rd1 Rd8 28. Rcd2 exf4+ 29. gxf4 gxf4+ 30. Nxf4 Re8 31. Nh5+ Kf7 32. Ng3 Nxe4 33. Bxe4 Bxe4 34. Nxe4 f5 35. Rxd6 Rxe4+ 36. Kf3 Rae8 37. Rd7+ R8e7 38. Rxe7+ Kxe7 39. b3 axb3 40. axb3 Ke6 41. Rd8 Rh4 42. Kg3 Rg4+ 43. Kh3 Rg1 44. Rb8 f4 45. Rxb7 f3 46. Rb6+ Ke5 47. Rb7 f2 48. Rf7 f1=Q+ 49. Rxf1 Rxf1 0-1

[Event "*** Titled Tuesday Blitz"]
[Site "Chess.com"]
[Date "2020.05.05"]
[Round "1"]
[White "rasmussvane"]
[Black "Gyapiking"]
[Result "1/2-1/2"]
[WhiteElo "2875"]
[BlackElo "2458"]
[TimeControl "180+1"]
[EndTime "10:07:49 PDT"]
[Termination "Game drawn by repetition"]

1. Nf3 d5 2. g3 Bg4 3. Bg2 Nd7 4.
O-O e6 5. h3 Bh5 6. d4 Ngf6 7.
c4 c6 8. cxd5 cxd5 9. Qb3 Qb6 10.
Nc3 Be7 11. Ne5 Nxe5 12. dxe5 Qxb3 13. axb3 Nd7 14. f4 Bg6 15. e4 dxe4 16. Nxe4 O-O 17. Nd6 Bxd6 18. exd6 Nc5 19. Be3 Ne4 20. Rfd1 Rfd8 21.
d7 b6 22. Bxe4 Bxe4 23. Rac1 Bd5 24. Rc7 Kf8 25. Bd2 a5 26. Be3 Ke7 27. Bxb6 Rxd7 28. Rc5 Rb7 29. Bxa5 Rxb3 30. Bc3 Rb7 31. Kf2 g6 32. g4 Rd7 33. g5 Be4 34. Bf6+ Ke8 35. Rxd7 Kxd7 36. Ke3 Bd5 37. Rc1 Rc8 38. Ra1 Ra8 39.
Rd1 Rc8 40. Be5 Rc2 41. Ra1 Rh2 42. Ra7+ Ke8 43. Kd4 Rxh3 44. Kc5 Rb3 45. Bf6 Rb8 46. Kd6 Kf8 47. Ke5 Rxb2 48. Rc7 Rb8 49. Be7+ Kg8 50.
Bf6 Re8 51. Rd7 Ra8 52. Kd6 Ra6+ 53. Ke5 Ra8 54. Re7 Rc8 55. Rd7 Ra8 1/2-1/2

[Event "*** Titled Tuesday Blitz"]
[Site "Chess.com"]
[Date "2020.05.05"]
[Round "1"]
[White "tigra"]
[Black "Nara_Kh"]
[Result "1-0"]
[WhiteElo "2797"]
[BlackElo "2414"]
[TimeControl "180+1"]
[EndTime "10:07:49 PDT"]
[Termination "tigra won by checkmate"]

1. e4 c5 2. Nf3 d6 3. d4 Nf6 4. dxc5 Nxe4 5. cxd6 Nc6 6. Be3 Qa5+ 7. Nbd2 Nxd6 8. c3 g6 9. Nb3 Qc7 10. Nfd4 Ne5 11. Nb5 Nxb5 12. Bxb5+ Bd7 13. Bxd7+ Qxd7 14. Bd4 Qe6 15. O-O f6 16. Qe2 Qc4 17. Qe3 Bg7 18.
Bxe5 fxe5 19. Nc5 O-O 20. b3 Qf4 21. Rfe1 Qxe3 22. Rxe3 b6 23. Ne4 Rfd8 24. Kf1 Rac8 25. Ke1 Rd5 26. Rd1 Rcd8 27. Rxd5 Rxd5 28. Ke2 Ra5 29.
a4 Rd5 30. Rd3 e6 31. Ng5 e4 32. Nxe4 Re5 33. f3 Rh5 34. Rd8+ Kf7 35. Rd7+ Kg8 36. h3 Rd5 37. Rxa7 h6 38. Rb7 Be5 39. Rxb6 Kf7 40. Rb5 Ke7 41. c4 Rxb5 42. cxb5 Kd7 43. a5 Bd4 44. b6 Kc6 45. b4 Kb7 46. Kd3 e5 47. Kc4 Be3 48. Kb5 Kb8 49. Nc5 Ka8 50.
a6 Kb8 51. a7+ Ka8 52. Ka6 Bxc5 53. b7# 1-0

[Event "*** Titled Tuesday Blitz"]
[Site "Chess.com"]
[Date "2020.05.05"]
[Round "1"]
[White "Falia-p"]
[Black "stanyga"]
[Result "1/2-1/2"]
[WhiteElo "2374"]
[BlackElo "2699"]
[TimeControl "180+1"]
[EndTime "10:07:49 PDT"]
[Termination "Game drawn by repetition"]

1. e4 c5 2. Nf3 e6 3. d4 cxd4 4.
Nxd4 Nc6 5. Nc3 Qc7 6. Be3 a6 7. Qf3 Nf6 8. O-O-O Ne5 9. Qg3 h5 10. h4 b5 11. a3 Bxa3 12. Qxg7 Qxc3 13. bxa3 Nxe4 14.
Qxh8+ Ke7 15. Nb3 Bb7 16. Bd4 Rxh8 17. Bxc3 Nxc3 18. Re1 Ng6 19. Kb2 Na4+ 20. Kc1 Rc8 21. f3 Bd5 22. Nd4 Rc3 23. Bd3 Nf4 24. Be4 Nxg2 25.
Bxd5 Nxe1 26. Rxe1 Rxa3 27. Bb3 Ra1+ 28. Kd2 Rxe1 29.
Kxe1 Nc5 30. Kd2 d5 31. Ne2 Nxb3+ 32. cxb3 e5 33. Ng3 a5 34. Nxh5 a4 35. bxa4 bxa4 36. Ng3 a3 37. Kc2 Kf6 38. Kb3 Kg6 39. Kxa3 f5 40.
Kb3 f4 41. Ne2 Kh5 42. Kc3 Kxh4 43. Kd3 Kg5 44. Nc3 e4+ 45. Nxe4+ dxe4+ 46. Kxe4 Kg6 47. Ke5 Kg5 48. Ke4 Kg6 49. Ke5 Kg5 50. Ke6 Kg6 51.
Ke5 1/2-1/2

[Event "*** Titled Tuesday Blitz"]
[Site "Chess.com"]
[Date "2020.05.05"]
[Round "1"]
[White "KuzubovYuriy"]
[Black "DLR7"]
[Result "1/2-1/2"]
[WhiteElo "2761"]
[BlackElo "2596"]
[TimeControl "180+1"]
[EndTime "10:07:50 PDT"]
[Termination "Game drawn by agreement"]

1. d4 Nf6 2. c4 e6 3. Nf3 Bb4+ 4.
Bd2 a5 5. g3 O-O 6. Bg2 d5 7. a3 Be7 8. Qc2 b6 9. O-O dxc4 10.
Ne5 Ra7 11. Rd1 Bb7 12. Bxb7 Rxb7 13. Nxc4 Qd5 14. Bf4 Qh5 15. Ne5 c5 16. Nc3 cxd4 17. Rxd4 Bc5 18. Rd2 g5 19. Be3 Bxe3 20. fxe3 g4 21. Nd3 Nbd7 22. Rad1 Qg5 23. Nf4 Qe5 24. Qd3 Nc5 25. Qd4 Qxd4 26. exd4 Nce4 27. Nxe4 Nxe4 28. Rc2 Rd7 29. Rc6 Rb8 30. Rd3 b5 31. Kf1 a4 32.
d5 exd5 33. Rxd5 Rbd8 34. Rxd7 Rxd7 35. Ke1 Rb7 36. Nd5 Kg7 37. Ne3 h5 38. Nf5+ Kh7 39. Nd6 Nxd6 40. Rxd6 b4 41. Rd4 bxa3 42.
bxa3 Ra7 43. Rd5 Kg6 44. Kf2 Re7 45. Rd4 Ra7 46. Rd6+ f6 47. Rb6 Kg5 48. Rb5+ f5 49. Rb4 h4 50. h3 hxg3+ 51. Kxg3 gxh3 52. Kxh3 Re7 53. Rxa4 Rxe2 54. Ra8 1/2-1/2

[Event "*** Titled Tuesday Blitz"]
[Site "Chess.com"]
[Date "2020.05.05"]
[Round "1"]
[White "DenishevM"]
[Black "Olga_Zhuravleva"]
[Result "1-0"]
[WhiteElo "2603"]
[BlackElo "2277"]
[TimeControl "180+1"]
[EndTime "10:07:50 PDT"]
[Termination "DenishevM won by resignation"]

1. d4 Nf6 2. c4 e6 3. Nc3 Bb4 4.
Bd2 b6 5. Nf3 Ba6 6. e3 O-O 7.
Be2 c5 8. a3 Bxc3 9. Bxc3 d6 10.
O-O Nc6 11. b4 Ne4 12. Qc2 Nxc3 13. Qxc3 Bb7 14. Rfd1 Qf6 15. Qb3 Rab8 16. Ra2 cxd4 17. Nxd4 Nxd4 18. Rxd4 d5 19. Rad2 dxc4 20. Bxc4 Rfd8 21.
f3 h6 22. Kf2 Rxd4 23. Rxd4 Rd8 24. Rxd8+ Qxd8 25. g3 Qd2+ 26. Be2 Bd5 27. Qd3 Qxd3 28. Bxd3 Kf8 29. e4 Bc6 30. Ke3 Ke7 31. e5 Ba4 32. f4 Bb3 33. Kd4 Kd7 34. Be4 Kc7 35. h4 Bd1 36. Ke3 Ba4 37. Bf3 Bb5 38. h5 Be8 39. g4 Kd7 40. g5 Ke7 41. Kd4 f6 42. exf6+ gxf6 43. g6 Kf8 44. Bg4 Bd7 45. Kc4 Kg7 46. Bf3 f5 47. b5 Kf6 48. Bc6 Bc8 49. Kd4 Kg7 50. Ke5 a6 51. a4 a5 52. Kd6 Kf6 53. Kc7 e5 54. fxe5+ Kxe5 55. Kxc8 1-0

[Event "*** Titled Tuesday Blitz"]
[Site "Chess.com"]
[Date "2020.05.05"]
[Round "1"]
[White "Blagorod"]
[Black "Hasangatin_Ramil"]
[Result "0-1"]
[WhiteElo "2137"]
[BlackElo "2514"]
[TimeControl "180+1"]
[EndTime "10:07:50 PDT"]
[Termination "Hasangatin_Ramil won by resignation"]

1. e4 d5 2. exd5 Qxd5 3. Nf3 Bg4 4. Be2 Nc6 5. d4 O-O-O 6. c4 Qf5 7. d5 Ne5 8. Nd4 Bxe2 9. Qxe2 Nd3+ 10. Kd2 Nxc1 11.
Nxf5 Nxe2 12. Kxe2 g6 13. Ne3 Bg7 14. Nc3 Nf6 15.
Rad1 Rhe8 16. Rd2 e6 17. dxe6 Rxd2+ 18. Kxd2 Rxe6 19. Rd1 Bh6 20. Re1 Ng4 21. Nd1 Bxe3+ 22. fxe3 Rd6+ 23. Kc3 Nxh2 24. Nf2 Rf6 25. Ne4 Rf5 26.
Rh1 Ng4 27. Rxh7 Nxe3 28. b4 b6 29. c5 Kb7 30. g3 Kc6 31. a4 a6 32. Kd4 Nc2+ 33.
Kc3 Ne1 34. Kc4 b5+ 35. axb5+ axb5+ 36. Kc3 Nf3 37. g4 Rf4 38. Kd3 Ne5+ 39. Ke3 Rf3+ 40. Ke2 Rb3 41. Ng5 Rxb4 42. Nxf7 Nxf7 43. Rxf7 Rxg4 44.
Kf3 Rg5 45. Kf4 Rf5+ 46. Rxf5 gxf5 0-1

[Event "*** Titled Tuesday Blitz"]
[Site "Chess.com"]
[Date "2020.05.05"]
[Round "1"]
[White "Pechen_Yeltsina"]
[Black "Malysch"]
[Result "1-0"]
[WhiteElo "2731"]
[BlackElo "2377"]
[TimeControl "180+1"]
[EndTime "10:07:52 PDT"]
[Termination "Pechen_Yeltsina won on time"]

1. e4 d5 2. exd5 Qxd5 3. Nc3 Qd6 4. d4 Nf6 5. Nf3 a6 6. Ne5 Nc6 7. Nxc6 Qxc6 8. d5 Qd6 9. g3 Bg4 10. Qd3 O-O-O 11. Bf4 Qd7 12. Bg2 e6 13. O-O exd5 14. Rfe1 Bc5 15. a3 Bb6 16. b4 Bf5 17. Qd2 d4 18.
Nd1 Rhe8 19. Bg5 Rxe1+ 20. Qxe1 Bxc2 21. Nb2 d3 22. Nc4 Bd4 23. Rc1 Re8 24. Qf1 Re2 25.
Be3 Ng4 26. Bf3 Nxe3 27. fxe3 Rxe3 28. Nxe3 Bxe3+ 29. Kg2 Bxc1 30. Qxc1 Ba4 31. Qe3 Bc6 32. Bxc6 bxc6 33. Qd2 Qd4 34. Kf3 Kb7 35. h4 Kb6 36.
a4 c5 37. bxc5+ Kxc5 38. Qa5+ Kc6 39. Qxa6+ Kd7 40. Qb5+ Kd6 41. Qb3 d2 42. Ke2 c5 43.
Qb8+ Kc6 44. Qb5+ Kd6 45. Qb6+ Ke5 46. Qc7+ Kf5 47. Qxf7+ Ke4 48. Qf4+ Kd5 49. Qf7+ Ke5 50. Qxg7+ Kf5 51. Qxd4 cxd4 52. a5 1-0

[Event "*** Titled Tuesday Blitz"]
[Site "Chess.com"]
[Date "2020.05.05"]
[Round "1"]
[White "ftorodent"]
[Black "SlavenPastar"]
[Result "0-1"]
[WhiteElo "2663"]
[BlackElo "2365"]
[TimeControl "180+1"]
[EndTime "10:07:52 PDT"]
[Termination "SlavenPastar won on time"]

1. d4 b6 2. e4 Bb7 3. Nc3 e6 4. Nf3 Bb4 5. Bd3 Nf6 6. Qe2 d5 7. exd5 Nxd5 8. Bd2 Nxc3 9. bxc3 Be7 10. O-O O-O 11. a4 a5 12. c4 Nd7 13. Rfe1 Nf6 14. d5 exd5 15. cxd5 Nxd5 16. Qe4 g6 17. Bc4 Re8 18. Rad1 Bf6 19. Qd3 Rxe1+ 20. Rxe1 Nb4 21. Qb3 Bxf3 22. Bxf7+ Kg7 23. Bxb4 axb4 24. gxf3 Bc3 25. Re4 Qf6 26. Bd5 Rd8 27. Qc4 Qg5+ 28. Rg4 Qxd5 29.
Qxc7+ Rd7 30. Qc8 Qd1+ 31. Kg2 Qd5 32. Rf4 Bf6 33. Re4 Qg5+ 34. Rg4 Qd5 35. Rxb4 Re7 36. Rg4 h5 37. Rg3 h4 38. Rg4 h3+ 39. Kg3 Be5+ 40. f4 Bf6 0-1

[Event "*** Titled Tuesday Blitz"]
[Site "Chess.com"]
[Date "2020.05.05"]
[Round "1"]
[White "PlotnikovPavel"]
[Black "picturesquecheck"]
[Result "1-0"]
[WhiteElo "2494"]
[BlackElo "2064"]
[TimeControl "180+1"]
[EndTime "10:07:52 PDT"]
[Termination "PlotnikovPavel won by resignation"]

1. e4 c5 2. c3 d5 3. exd5 Qxd5 4. d4 Nc6 5. Nf3 Bf5 6. Be2 cxd4 7. cxd4 Bxb1 8.
Rxb1 e6 9. O-O Be7 10. Be3 Bf6 11. Qa4 Ne7 12. b4 O-O 13. b5 Nb8 14. Ne5 Nd7 15.
Bf3 Qd6 16. Bxb7 Nb6 17. Qa6 Rab8 18. Nc6 Ned5 19. Nxb8 Rxb8 20. Rfc1 Nf4 21. Bxf4 Qxf4 22. Qxa7 Bxd4 23. Rc2 h5 24. Bf3 Rf8 25. Rd1 e5 26.
Re2 Nc4 27. Qa4 Nb2 28. Qc2 Nxd1 29. Qxd1 h4 30. h3 Rd8 31. Qb1 f5 32. Bc6 Kh8 33. a4 e4 34. a5 e3 35. f3 Qc7 36. Qxf5 Bc3 37. Qh5+ Kg8 38. Bd5+ Kf8 39. Qh8+ Ke7 40. Rxe3+ Kd6 41. Qxh4 Bd4 42. Qxd4 Qc5 43. Qxc5+ Kxc5 44. Bc6 1-0

[Event "*** Titled Tuesday Blitz"]
[Site "Chess.com"]
[Date "2020.05.05"]
[Round "1"]
[White "Everyfishknows"]
[Black "Pultis"]
[Result "0-1"]
[WhiteElo "2418"]
[BlackElo "2809"]
[TimeControl "180+1"]
[EndTime "10:07:53 PDT"]
[Termination "Pultis won on time"]

1. d4 Nf6 2. c4 g6 3. Nc3 d5 4.
Nf3 Bg7 5. Bg5 Ne4 6. Bf4 Nxc3 7. bxc3 dxc4 8. e3 Be6 9. Qb1 Qd5 10. e4 Qa5 11. Bd2 Qb6 12. d5 Bd7 13. Bxc4 O-O 14. O-O e6 15. Be3 Qxb1 16. Raxb1 b6 17. Bd4 exd5 18. Bxd5 Bc6 19. c4 Re8 20. Rfe1 a6 21. Rbc1 Ra7 22. Bxg7 Kxg7 23. Nd4 Bd7 24. c5 b5 25. c6 Bc8 26. Nb3 a5 27. Nc5 Na6 28. Nxa6 Rxa6 29. Rc5 Rb6 30. Rb1 Be6 31. Bxe6 Rxe6 32.
Rbxb5 Rexc6 33. Rxc6 Rxc6 34. g3 a4 35. Ra5 Rc4 36.
Kg2 Rxe4 37. Rc5 Re2 38. Rxc7 Rxa2 39. Ra7 h5 40. h3 Kf6 41. Kf3 Ke6 42. g4 hxg4+ 43.
hxg4 f6 44. Kg3 a3 45. Kf3 Ra1 46. Ra6+ Ke5 47. Ra5+ Kd4 48. Ra6 Ke5 49. Ra5+ Ke6 50. Ra6+ Kf7 51. Ra7+ Kg8 52. Kg3 Kf8 53. Kf3 Ke8 54.
Kg3 Kd8 55. Kf3 Rh1 56. Kg2 Ra1 57. Kf3 Ra2 58. Kg3 Kc8 59. Kf3 Kb8 60. Ra6 Kb7 61. Rxf6 Rb2 62. Rf4 Kb6 63. Ra4 a2 0-1

[Event "*** Titled Tuesday Blitz"]
[Site "Chess.com"]
[Date "2020.05.05"]
[Round "1"]
[White "Peng_Li-Min"]
[Black "heartofatiger"]
[Result "1-0"]
[WhiteElo "2711"]
[BlackElo "2366"]
[TimeControl "180+1"]
[EndTime "10:07:53 PDT"]
[Termination "Peng_Li-Min won by resignation"]

1. c4 f5 2. d4 Nf6 3. Nf3 e6 4. g3 d5 5. Bg2 Bd6 6. b3 c6 7.
O-O Qe7 8. Bb2 O-O 9. Qc1 b6 10. Ba3 Bb7 11. Bxd6 Qxd6 12. Nc3 Nbd7 13. Rd1 Ne4 14. e3 Kh8 15. Qb2 Qe7 16. Ne5 Nxe5 17. dxe5 Rfd8 18. Ne2 c5 19. Rac1 h6 20. h4 dxc4 21.
bxc4 Rxd1+ 22. Rxd1 Rd8 23. Rxd8+ Qxd8 24. Nf4 Qd7 25.
h5 Kh7 26. Kh2 Ng5 27. Qe2 Bxg2 28. Kxg2 Qc7 29. Ng6 Qc6+ 30. f3 a6 31. Nh4 Nf7 32.
Ng6 b5 33. Qd3 Ng5 34. Nh4 bxc4 35. Qxc4 Qb5 36. Qc2 c4 37. g4 Qxe5 38. gxf5 exf5 39. Qxf5+ Qxf5 40. Nxf5 Ne6 41. Kf2 g5 42. Ke2 Nc5 43. Kd2 Na4 44. Nd6 c3+ 45. Kc2 Kg7 46. Ne4 Nb6 47. Nxc3 Nd5 48. Nxd5 1-0

[Event "*** Titled Tuesday Blitz"]
[Site "Chess.com"]
[Date "2020.05.05"]
[Round "1"]
[White "Shukh_Nikolay"]
[Black "mitraasz"]
[Result "1-0"]
[WhiteElo "2555"]
[BlackElo "2213"]
[TimeControl "180+1"]
[EndTime "10:07:53 PDT"]
[Termination "Shukh_Nikolay won by resignation"]

1. e4 c5 2. Nf3 d6 3. d4 cxd4 4. Nxd4 Nf6 5. Nc3 g6 6. Be3 Bg7 7. f3 O-O 8. Qd2 Nc6 9. O-O-O d5 10. exd5 Nxd5 11. Nxc6 bxc6 12. Bd4 Nxc3 13. Qxc3 Bh6+ 14. Be3 Bxe3+ 15. Qxe3 Qb6 16. Qxe7 Be6 17. Qa3 Rab8 18. Ba6 Rfd8 19. h4 Qf2 20. Qc3 h5 21. Qf6 Qe3+ 22.
Kb1 Rxd1+ 23. Rxd1 Qb6 24. Bd3 Kh7 25. b3 c5 26. Re1 Re8 27. Re5 Kg8 28. g4 c4 29.
Bxc4 Qg1+ 30. Kb2 Qd4+ 31. c3 Qd2+ 32. Ka3 Qc1+ 33. Kb4 Rb8+ 34. Rb5 a5+ 35. Ka4 Rxb5 36.
Bxb5 Qb2 37. Kxa5 Qxa2+ 38. Kb6 Qxb3 39. gxh5 Bc4 40. Qd8+ Kg7 41. Qd4+ Kh7 42. Qxc4 Qc2 43. hxg6+ fxg6 44. Qe4 Kh6 45. Qxc2 1-0

[Event "*** Titled Tuesday Blitz"]
[Site "Chess.com"]
[Date "2020.05.05"]
[Round "1"]
[White "FMOlexandrProhorov"]
[Black "matiss90"]
[Result "0-1"]
[WhiteElo "2051"]
[BlackElo "2490"]
[TimeControl "180+1"]
[EndTime "10:07:53 PDT"]
[Termination "matiss90 won on time"]

1. e4 c5 2. c3 Nf6 3. e5 Nd5 4. g3 Nc6 5. f4 g5 6. Bg2 e6 7. Ne2 gxf4 8. Bxd5 exd5 9. Nxf4 d4 10. Qe2 b6 11.
O-O Bb7 12. Na3 Qe7 13. Nc4 O-O-O 14. Nd6+ Kb8 15. Nxb7 Kxb7 16. cxd4 Nxd4 17. Qe4+ Nc6 18. b4 Qxe5 19. Qxe5 Nxe5 20. Bb2 d6 21. bxc5 bxc5 22. d4 cxd4 23. Bxd4 Rg8 24. Rab1+ Ka8 25. Nd5 Rc8 26. Rfc1 Nf3+ 27. Kg2 Rxc1 28. Rxc1 Nxd4 29. Rc8+ Kb7 30.
Re8 Ne6 31. Nf6 Rg6 32. Ne4 Kc6 33. Nc3 Kd7 34. Ra8 Rf6 35. Rxa7+ Kc6 36. Ra6+ Kb7 37. Ra4 Rf5 38. Rb4+ Kc8 39. Ne4 Re5 40. Rc4+ Kd8 41. Nf6 Ke7 42. Nxh7 Re2+ 43. Kh3 Rxa2 44. Rc8 Bg7 0-1

[Event "*** Titled Tuesday Blitz"]
[Site "Chess.com"]
[Date "2020.05.05"]
[Round "1"]
[White "Gulkov_Igor"]
[Black "TheBigBoss04"]
[Result "0-1"]
[WhiteElo "2369"]
[BlackElo "2717"]
[TimeControl "180+1"]
[EndTime "10:07:54 PDT"]
[Termination "TheBigBoss04 won by checkmate"]

1. Nf3 Nf6 2. c4 g6 3. Nc3 Bg7 4. e4 d6 5. d4 O-O 6. Be2 Bg4 7. Be3 Bxf3 8. Bxf3 Nfd7 9. Rc1 e5 10. d5 a5 11.
a3 Na6 12. Rb1 f5 13. b4 b6 14. h4 Bf6 15. h5 Bg5 16. Bxg5 Qxg5 17. hxg6 hxg6 18.
Qd2 Qxd2+ 19. Kxd2 Kg7 20. Nb5 Nf6 21. exf5 gxf5 22.
Kc3 Rfe8 23. Rh4 Re7 24. Rbh1 Rae8 25. g3 Nb8 26. Kc2 Na6 27. Kc3 e4 28. Be2 e3 29.
f3 Re5 30. Nd4 axb4+ 31. axb4 R8e7 32. Rh8 c5 33. dxc6 d5 34. Ra8 Nc7 35. Ra7 dxc4 36. Rxc7 Rxc7 37. b5 f4 38. Rg1 fxg3 39.
Rxg3+ Kf8 40. Kxc4 Rce7 41. f4 Rc5+ 42. Kd3 Nd5 43. Rg6 Nb4# 0-1